[Event "Stay Safe Play From Home 131"]
[Site "T#645805Emanuel Laske"]
[Date "2020.05.07"]
[Round "6"]
[White "matanant"]
[Black "Tumnik_ad"]
[Result "0-1"]
[WhiteElo "1788"]
[BlackElo "1884"]
[Annotator "NA RC"]
[PlyCount "102"]
[EventDate "2020.05.07"]
[EventType "swiss (blitz)"]
[TimeControl "180"]

1. e4 e6 2. d4 b6 3. Bd3 Bb7 4. f4 Nf6 5. Qe2 d5 6. e5 Ne4 7. Bxe4 dxe4 8. Be3 Nc6 9. c3 Ne7 10. Nd2 a5 11. Nh3 Ba6 12. c4 Nf5 13. Qf2 Bb4 14. b3 Bc3 15. Rc1 Bxd4 16. Bxd4 Qxd4 17. Qxd4 Nxd4 18. Nxe4 O-O-O 19. Kf2 h6 20. Rhd1 Bb7 21. Nc3 Nf5 22. a3 Nh4 23. g3 Nf3 24. b4 axb4 25. axb4 Nxh2 26. c5 Ng4+ 27. Kg1 Ne3 28. Rxd8+ Rxd8 29. Nf2 bxc5 30. bxc5 Rd2 31. Nce4 Bxe4 32. Nxe4 Rc2 33. Re1 Nf5 34. g4 Nd4 35. Ng3 Nf3+ 36. Kf1 Nh2+ 37. Kg1 Nf3+ 38. Kf1 Nxe1 39. Kxe1 Rxc5 40. Ke2 Rc3 41. Ne4 Rc4 42. Kd3 Rxe4 43. Kxe4 c5 44. f5 Kc7 45. Kd3 Kc6 46. Kc4 g5 47. f6 Kb6 48. Kc3 Kb5 49. Kb3 c4+ 50. Kc3 Kc5 51. Kd2 Kd5 {[%emt 0:00:00] Time (Lag: Av=0.67s, max=1.1s)} 0-1